 Dungeon Crawl Stone Soup version 0.20.0-15-g7f486f2 (webtiles) character file.

53 Naow the Poker (level 3, 0/29 HPs)
             Began as a Merfolk Skald on June 10, 2017.
             Killed from afar by Sigmund (12 damage)
             ... with a puff of flame
             ... on level 2 of the Dungeon.
             The game lasted 00:02:12 (1505 turns).

Naow the Poker (Merfolk Skald)                      Turns: 1505, Time: 00:02:13

Health: 0/29       AC:  3    Str: 12    XL:     3   Next: 89%
Magic:  2/6        EV: 12    Int: 12    God:
Gold:   12         SH:  0    Dex: 13    Spells: 5/6 levels left

rFire    . . .     SeeInvis .   a - +0 spear
rCold    . . .     Gourm    .   (no shield)
rNeg     . . .     Faith    .   b - +0 leather armour
rPois    .         Spirit   .   (no helmet)
rElec    .         Reflect  .   (no cloak)
rCorr    .         Harm     .   (no gloves)
MR       .....                  (no boots)
Stlth    +.........             (no amulet)
Regen    0.1/turn               (no ring)
MPRegen  0.1/turn               (no ring)

@: no status effects
A: change form in water, swift swim, stealthy swim
a: no special abilities


You were on level 2 of the Dungeon.
You were not hungry.

You visited 1 branch of the dungeon, and saw 2 of its levels.

You collected 12 gold pieces.

Inventory:

Hand Weapons
 a - a +0 spear (weapon)
Armour
 b - a +0 leather armour (worn)
Jewellery
 e - an uncursed ring of stealth {unknown}
Scrolls
 f - a scroll of identify {unknown}
 l - a scroll of fog {unknown}
Potions
 i - a potion of lignification {unknown}
 j - 2 potions of heal wounds {unknown}
Books
 c - a book of Battle

   Spells                             Type                      Level
   a - Infusion                       Charms                       1
   b - Shroud of Golubria             Charms/Translocation         2
   c - Song of Slaying                Charms                       2
   d - Spectral Weapon                Hexes/Charms                 3
   e - Regeneration                   Charms/Necromancy            3
Comestibles
 d - 2 bread rations
 g - 2 meat rations
 k - 8 chunks of flesh


   Skills:
 + Level 3.1 Fighting
 * Level 5.1 Polearms
 - Level 0.6 Armour
 - Level 2.6 Dodging
 - Level 2.0 Spellcasting
 - Level 3.2 Charms


You had 5 spell levels left.
You knew the following spells:

 Your Spells              Type           Power        Failure   Level  Hunger
a - Infusion              Chrm           #...         9%          1    ##.....


Dungeon Overview and Level Annotations

Branches:
Dungeon (2/15)

Altars:
The Shining One

Annotations:
D:2 Sigmund


Message History

Sigmund is severely wounded.
Sigmund closely misses you.
You hit Sigmund but do no damage.
Sigmund is severely wounded.
You hit Sigmund.
Sigmund is severely wounded.
Sigmund gestures wildly while chanting.
Sigmund flickers and vanishes!
Deactivating autopickup; reactivate with Ctrl-A.
You hit something. Something hits you.
You barely miss something. You closely miss something. Something hits you.
You miss something. Something hits you!
* * * LOW HITPOINT WARNING * * *
You hit something but do no damage.
You feel better.
You hear some strange, mumbled words.
A puff of flame appears from out of thin air!
The puff of flame hits you!
You die...

..###..#.........
.............###.#.
#..##.##......##.#
. # #.............
#.####)####...
#.##...?.##
#.#.......# .
#.#.......#....
......_@.....#
..#....{..#..#
.#.#...$...#..# .
##.....## ..#
###)### .( .. ..
...


There were no monsters in sight!

Vanquished Creatures
  2 oozes (D:1)
  A worm (D:2)
  2 dart slugs
  A leopard gecko (D:1)
  4 giant cockroaches
  5 goblins
  4 hobgoblins
  3 jackals (D:1)
  A ball python (D:2)
  2 bats
  4 frilled lizards (D:1)
  2 kobolds (D:1)
  7 rats
38 creatures vanquished.

Notes
Turn   | Place    | Note
-------+----------+-------------------------------------------
     0 | D:1      | Naow the Merfolk Skald began the quest for the Orb.
     0 | D:1      | Reached XP level 1. HP: 16/16 MP: 3/3
   150 | D:1      | Reached XP level 2. HP: 20/23 MP: 5/5
   154 | D:1      | Reached skill level 4 in Polearms
   632 | D:1      | Reached XP level 3. HP: 28/28 MP: 6/6
  1291 | D:2      | Reached skill level 5 in Polearms
  1444 | D:2      | Found a glowing golden altar of the Shining One.
  1480 | D:2      | Noticed Sigmund
  1505 | D:2      | Killed from afar by Sigmund

Skill      XL: |  1  2  3 |
---------------+----------+-----
Polearms       | 4 5 |  5.1
Fighting       | 3 |  3.1
Armour         | |  0.6
Dodging        | |  2.6
Spellcasting   | |  2.0
Charms         | |  3.2

Action                   || total
-------------------------++-------
Melee: Spear             ||   174
 Cast: Infusion          ||     2
  Use: Potion            ||     2
 Stab: Sleeping          ||     3
  Eat: Chunk             ||     2
Armor: Leather armour    ||    45
Dodge: Dodged            ||    79
